 Dungeon Crawl Stone Soup version 0.32-a0-12-g7fc57aa741 (webtiles) character file.

Game seed: 5629309272143220616

18185 voltaire321 the Covert (level 12, -5/73 HPs)
             Began as a Deep Elf Air Elementalist on Jan 14, 2024.
             Was a Follower of Vehumet.
             Slain by a torpor snail (27 damage)
             ... on level 4 of the Lair of Beasts on Jan 15, 2024.
             The game lasted 01:11:32 (21696 turns).

voltaire321 the Covert (Deep Elf Air Elementalist) Turns: 21696, Time: 01:11:33

Health: -5/73      AC: 12    Str:  7    XL:     12   Next: 25%
Magic:  9/23       EV:  2    Int: 24    God:    Vehumet [*.....]
Gold:   938        SH:  0    Dex: 15    Spells: 6/23 levels left

rFire   . . .        H - +3 short sword (spect)
rCold   + . .        O - +0 kite shield
rNeg    . . .        L - +0 steam dragon scales
rPois   .            I - +0 helmet
rElec   .            b - +0 cloak
rCorr   .            q - +1 pair of gloves
SInv    .            N - +0 pair of boots
Will    +....        u - amulet of regeneration
Stlth   ++++         r - ring of protection from cold
HPRegen 1.12/turn    R - +5 ring of evasion
MPRegen 0.18/turn

%: no passive effects
@: about to teleport, sleeping, slowed, studying Fighting
A: no striking features
a: Renounce Religion


You were on level 4 of the Lair of Beasts.
You worshipped Vehumet.
Vehumet was aware of your devotion.
You visited 3 branches of the dungeon, and saw 15 of its levels.
You also visited: Bailey.

You collected 938 gold pieces.

Inventory:

Hand Weapons
 a - a +1 dagger of venom
 y - a +1 rapier
 H - a +3 spectral short sword (weapon)
Missiles
 g - 4 curare-tipped darts
 P - a throwing net
Armour
 b - a +0 cloak (worn)
 n - a +2 robe of cold resistance
 q - a +1 pair of gloves (worn)
 I - a +0 helmet (worn)
 K - a +3 leather armour of fire resistance
 L - +0 steam dragon scales (worn)
 N - a +0 pair of boots (worn)
 O - a +0 kite shield (worn)
 T - a +0 troll leather armour
 U - +0 acid dragon scales
Jewellery
 f - a ring of protection from fire
 j - a ring of ice
 r - a ring of protection from cold (left hand)
 u - an amulet of regeneration (around neck)
 A - a ring of positive energy
 C - a ring of resist corrosion
 D - a +6 ring of intelligence
 G - a ring of willpower
 R - a +5 ring of evasion (right hand)
Wands
 E - a wand of flame (11)
Scrolls
 c - a scroll of poison
 d - 4 scrolls of enchant armour
 e - a scroll of fog
 k - a scroll of identify
 l - a scroll of brand weapon
 s - 3 scrolls of summoning
 t - a scroll of teleportation
 w - a scroll of enchant weapon
 B - 3 scrolls of amnesia
Potions
 h - 4 potions of invisibility
 i - 3 potions of cancellation
 m - 5 potions of curing
 o - 2 potions of lignification {unknown}
 p - a potion of resistance
 v - a potion of enlightenment {unknown}
 z - a potion of berserk rage
 F - 2 potions of might {unknown}
 J - a potion of brilliance {unknown}
 S - 2 potions of mutation {unknown}
Miscellaneous
 x - a phantom mirror


   Skills:
 + Level 8.0 Fighting
 - Level 5.0 Armour
 + Level 9.7 Dodging
 - Level 10.0 Stealth
 * Level 5.9 Shields
 - Level 6.0 Spellcasting
 - Level 4.0 Conjurations
 + Level 7.6 Summonings
 + Level 2.2 Necromancy
 - Level 4.0 Translocations
 + Level 8.2 Air Magic


You had 6 spell levels left.
You knew the following spells:

 Your Spells              Type           Power      Damage    Failure   Level
a - Shock                 Conj/Air       100%       1d9       3%          1
b - Static Discharge      Conj/Air       72%        3-6/arc   5%          2
c - Searing Ray           Conj           52%        2d6       12%         2
d - Call Imp              Summ           86%        N/A       2%          2
e - Airstrike             Air            23%        2d(4-20)  14%         4
f - Blink                 Tloc           52%        N/A       12%         2
g - Martyr's Knell        Necr/Summ      30%        N/A       50%         4

Your spell library contained the following spells:

 Spells                   Type           Power      Damage    Failure   Level
 Freeze                   Ice            28%        1d5       38%         1
 Swiftness                Air            46%        N/A       4%          3
 Magic Dart               Conj           100%       1d8       9%          1
 Necrotise                Necr           68%        1d7       17%         1
 Vampiric Draining        Necr           17%        2d7       45%         3
 Frozen Ramparts          Ice            14%        1d3       77%         3
 Fulminant Prism          Conj/Alch      8%         3d7       88%         4
 Leda's Liquefaction      Alch/Erth      3%         N/A       99%         4
 Petrify                  Alch/Erth      7%         N/A       99%         4
 Curse of Agony           Necr           17%        N/A       99%         5
 Metabolic Englaciation   Hex/Ice        3%         N/A       100%        5


Dungeon Overview and Level Annotations

Branches:
Dungeon (10/15)            Temple (1/1) D:5            Lair (4/5) D:10
  Swamp (0/4) Lair:3        Snake (0/4) Lair:2       Bailey (visited)
  Slime: Lair:4-5       Orc: D:9-12

Altars:
Ashenzari
Dithmenos
Elyvilon
Fedhas
Gozag
Hepliaklqana
Kikubaaqudgha
Makhleb
Okawaru
Qazlal
Ru
Sif Muna
Trog
Uskayaw
Vehumet
Wu Jian
Xom
Yredelemnul
The Shining One

Shops:
D:9 (

Annotations:
Lair:3 Amaemon, Rupert


Message History

The dream sheep is almost dead.
The torpor snail is struck by an arc of lightning.
The torpor snail is moderately wounded.
The lightning grounds out.
The dream sheep completely misses you.
The dream sheep ruffle their wool and motes of dream dust sparkle, to no effect.
Casting: Static Discharge (safe; 5% risk of failure)
Confirm with . or Enter, or press ? or * to list all spells.
The dream sheep is struck by an arc of lightning.
The dream sheep is moderately wounded.
The dream sheep is struck by an arc of lightning.
The dream sheep is almost dead.
The dream sheep is struck by an arc of lightning.
The dream sheep is severely wounded.
The torpor snail is struck by an arc of lightning.
The torpor snail is moderately wounded.
The lightning grounds out.
The torpor snail is struck by an arc of lightning.
The torpor snail is moderately wounded.
The dream sheep is struck by an arc of lightning.
The dream sheep is almost dead.
The lightning grounds out.
The dream sheep shake their wool and sparkle.
You feel drowsy...
You fall asleep.
The torpor snail bites you but does no damage.
The dream sheep headbutts you!!
You wake up.
* * * LOW HITPOINT WARNING * * *
Your magical contamination has completely faded away.
Okay, then.
Casting: Static Discharge (safe; 5% risk of failure)
Confirm with . or Enter, or press ? or * to list all spells.
You blink.
You feel better. The dream sheep barely misses you.
As you read the scroll of teleportation, it crumbles to dust.
You feel strangely unstable.
The dream sheep shake their wool and sparkle.
You feel drowsy...
You fall asleep.
You feel ready to blink again.
The dream sheep headbutts you but does no damage. x2
The torpor snail bites you!!
You die...

..... #. ...# .....
... ## ...## .....
...###.###...PP .....
.# ...............
.....
..###..............
.....
...................
..##. #
.................. .
#. #.
#........@....... #.
## #..
#.....YwY...... #.. #
#P.####..............
#..# #
#..#................
##...##
#...................
.......
#.............#..#.#
.......
#.............#.#.
###.......
#..............#####
#........
##.............#
........


You could see a torpor snail and 2 dream sheep.

Vanquished Creatures
  Fannar (D:10)
  3 two-headed ogres (D:10)
  Sonja (Lair:4)
  A skyshark (Lair:3)
  A gargoyle (D:10)
  2 cane toads (Lair:2)
  A rime drake (Lair:2)
  2 komodo dragons (Lair:4)
  2 trolls
  2 hornets
  3 polar bears
  6 blink frogs
  4 dream sheep
  3 wyverns
  A basilisk (Lair:2)
  5 yaks (Lair:4)
  2 steam dragons
  Menkaure (D:5)
  An acid dragon (D:10)
  7 water moccasins
  14 orc warriors
  A black bear (Lair:2)
  12 centaurs
  13 wolves
  A phantom (D:4)
  7 bullfrogs
  2 gnoll sergeants
  3 wights (D:7)
  3 killer bees (D:7)
  3 bombardier beetles (D:4)
  3 howler monkeys (D:7)
  3 electric eels (D:10)
  A jelly (D:5)
  7 orc priests
  A gnoll bouda (D:6)
  6 hounds
  3 sleepcaps
  5 iguanas
  13 orc wizards
  24 gnolls
  4 adders
  A shadow imp (D:6)
  A white imp (D:8)
  2 dart slugs (D:1)
  2 ribbon worms (D:2)
  55 orcs
  5 ball pythons
  13 endoplasms
  2 giant cockroaches (D:4)
  8 hobgoblins
  7 jackals
  7 quokkas
  3 training dummies (D:9)
  5 bats
  4 frilled lizards
  14 goblins
  9 kobolds
  9 rats
325 creatures vanquished.

Vanquished Creatures (collateral kills)
  A torpor snail (Lair:1)
  A cane toad (Lair:4)
  An orc warrior (Bailey)
3 creatures vanquished.

Vanquished Creatures (others)
  The ghost of Plog the Fighter, a journeyman DjSh of Gozag (Lair:3)
  A spectral weapon (Lair:3)
2 creatures vanquished.

Grand Total: 330 creatures vanquished

Notes
Turn   | Place    | Note
-------+----------+-------------------------------------------
     0 | D:1      | voltaire321 the Deep Elf Air Elementalist began the quest
                  | for the Orb.
     0 | D:1      | Reached XP level 1. HP: 10/10 MP: 6/6
   237 | D:1      | Reached XP level 2. HP: 15/15 MP: 2/8
   744 | D:1      | Reached skill level 3 in Stealth
   772 | D:1      | Learned a level 2 spell: Static Discharge
   795 | D:1      | Reached XP level 3. HP: 19/19 MP: 1/9
   911 | D:1      | Learned a level 2 spell: Searing Ray
  2108 | D:2      | Reached XP level 4. HP: 16/24 MP: 1/11
  2950 | D:3      | Noticed a gnoll sergeant
  2964 | D:3      | Found a sacrificial altar of Ru.
  3139 | D:3      | Reached skill level 1 in Fighting
  3139 | D:3      | Reached XP level 5. HP: 25/29 MP: 3/12
  3458 | D:3      | Found a shimmering blue altar of Sif Muna.
  3576 | D:3      | Reached skill level 4 in Stealth
  3576 | D:3      | Reached skill level 1 in Shields
  3955 | D:4      | Reached XP level 6. HP: 34/34 MP: 4/14
  4587 | D:4      | Found an ornate altar of the Wu Jian Council.
  5084 | D:4      | Reached XP level 7. HP: 38/39 MP: 4/16
  5566 | D:5      | Entered Level 5 of the Dungeon
  5637 | D:5      | Reached skill level 5 in Spellcasting
  6079 | D:5      | Noticed Menkaure
  6085 | D:5      | Learned a level 2 spell: Call Imp
  6328 | D:5      | Found a staircase to the Ecumenical Temple.
  6335 | Temple   | Entered the Ecumenical Temple
  7401 | D:5      | Killed Menkaure
  7402 | D:5      | Reached skill level 5 in Stealth
  7402 | D:5      | Reached skill level 1 in Summonings
  7871 | D:5      | Reached skill level 1 in Armour
  8379 | D:6      | Learned a level 4 spell: Airstrike
  8382 | D:6      | Noticed a steam dragon
  8422 | D:6      | Killed a steam dragon
  8423 | D:6      | Reached XP level 8. HP: 12/45 MP: 5/17
  8766 | D:6      | Reached skill level 5 in Dodging
 10094 | D:7      | Reached skill level 5 in Air Magic
 10251 | D:7      | Reached skill level 6 in Stealth
 10808 | D:7      | Reached XP level 9. HP: 51/51 MP: 12/18
 11362 | D:8      | Found a flagged portal.
 11380 | Bailey   | Entered a bailey
 11901 | Bailey   | HP: 2/52 [orc warrior/+0 glaive (16)]
 12251 | Bailey   | HP: 1/52 [orc warrior/+0 glaive (19)]
 12253 | Bailey   | Reached skill level 7 in Stealth
 12658 | Bailey   | Learned a level 2 spell: Blink
 12789 | Bailey   | Reached skill level 1 in Translocations
 13132 | Bailey   | Reached XP level 10. HP: 57/57 MP: 14/19
 14415 | D:9      | Reached skill level 5 in Summonings
 14803 | D:9      | Found a bloodstained altar of Trog.
 14832 | D:9      | Reached skill level 8 in Stealth
 14965 | D:9      | Found Arphaloxa's Firing Range.
 14986 | D:9      | Reached skill level 5 in Fighting
 15444 | Temple   | Became a worshipper of Vehumet
 15776 | D:10     | Entered Level 10 of the Dungeon
 15787 | D:10     | Noticed a gargoyle
 15798 | D:10     | Found a hazy altar of Hepliaklqana.
 15807 | D:10     | Found a blossoming altar of Fedhas.
 15853 | D:10     | Killed a gargoyle
 16072 | D:10     | Noticed a two-headed ogre
 16084 | D:10     | Killed a two-headed ogre
 16404 | D:10     | Noticed a two-headed ogre
 16424 | D:10     | Killed a two-headed ogre
 16737 | D:10     | Found a staircase to the Lair.
 16920 | D:10     | Found a hide-covered altar of Uskayaw.
 16946 | D:10     | Noticed Fannar
 16980 | D:10     | Noticed a two-headed ogre
 16989 | D:10     | Killed a two-headed ogre
 16990 | D:10     | Reached XP level 11. HP: 36/64 MP: 8/20
 17499 | Lair:1   | Entered Level 1 of the Lair of Beasts
 17834 | D:10     | Killed Fannar
 17835 | D:10     | Reached skill level 9 in Stealth
 18561 | Lair:1   | You fall into a shaft and drop 1 floor!
 18778 | Lair:2   | Reached * piety under Vehumet
 18778 | Lair:2   | Offered knowledge of Freeze by Vehumet.
 18779 | Lair:2   | Reached skill level 5 in Armour
 19188 | Lair:2   | Found a staircase to the Snake Pit.
 19239 | Lair:2   | Reached skill level 5 in Shields
 19913 | Lair:3   | Noticed a bog body
 20021 | Lair:4   | Noticed a four-headed hydra
 20050 | Lair:4   | Reached skill level 10 in Stealth
 20155 | Lair:3   | Identified the maw talisman "Yhofatsa" {Str+2}
 20155 | Lair:3   | Noticed Rupert
 20155 | Lair:3   | Noticed Amaemon
 20200 | Lair:3   | Noticed a skyshark
 20214 | Lair:3   | Killed a skyshark
 20309 | Lair:3   | Found a staircase to the Swamp.
 20393 | Lair:3   | Learned a level 4 spell: Martyr's Knell
 20434 | Lair:3   | Reached XP level 12. HP: 72/72 MP: 9/23
 20518 | Lair:3   | Found a runed translucent door.
 20523 | Lair:3   | Noticed Plog's ghost (journeyman DjSh)
 20554 | Lair:3   | Killed Plog's ghost
 20847 | Lair:3   | Reached skill level 1 in Necromancy
 21234 | Lair:4   | Noticed Sonja
 21241 | Lair:4   | Killed Sonja
 21576 | Lair:4   | Identified the flux talisman of Qazlal's Regard {rCorr
                  | Dex+3}
 21696 | Lair:4   | Slain by a torpor snail

Illustrated notes

Levels and vault maps discovered:
D:1:      dpeg_arrival_arbitrary_b, layout_basic, patterned_corridor
D:2:      minmay_evil_eye, layout_rooms, nicolae_hexahallways
D:3:      layout_basic, nicolae_ru_awakened_eye, led_sif_book,
          grunt_ministairs_1
D:4:      layout_loops_ring, nicolae_overflow_hidden_temple,
          mainiacjoe_overflow_cross_hatched, grunt_ministairs_6, dk_vineyard_1,
          minmay_strange_pillars, minmay_ruptured
D:5:      layout_layer_cave, minmay_temple_entry_wispy, uniq_menkaure
D:6:      layout_basic, minmay_curled_crystal
D:7:      layout_gridville, hangedman_abyss_or_decor_stabs
D:8:      layout_rooms, marbit_many_paths, enter_bailey_4, item_on_display_a
D:9:      layout_basic, bloody_trog, nicolae_shop_firing_range
D:10:     layout_loops_ring, nicolae_uskayaw_suspiria,
          mainiacjoe_overflow_large_starburst, erik_lair_island,
          nicolae_the_louvre, uniq_fannar
Temple:   hellmonk_temple_two_chambers
Lair:1:   layout_gridlike, lemuel_fruit_tree
Lair:2:   layout_cave_shapes, dummy_snake_entry
Lair:3:   layout_roguey, skrybe_swamp_entry_bodies,
          ebering_ghost_reflecting_pool, uniq_rupert, uniq_amaemon
Lair:4:   layout_small_grid, dpeg_slime_entry_enclosed, uniq_sonja

Skill      XL: |  1  2  3  4  5  6  7  8  9 10 11 12 |
---------------+-------------------------------------+-----
Stealth        | 3 4 5 6 7 8 10 | 10.0
Dodging        | 3 4 5 6 8 9 |  9.7
Conjurations   | 2 3 4 |  4.0
Fighting       | 1 2 3 4 5 7 8 |  8.0
Spellcasting   | 4 5 6 |  6.0
Shields        | 1 2 3 4 5 |  5.9
Air Magic      | 4 5 6 7 8 |  8.2
Summonings     | 1 3 4 5 7 |  7.6
Armour         | 1 2 3 4 5 |  5.0
Translocations | 1 3 4 |  4.0
Necromancy     | 2 |  2.2

Action                     |  1- 3 |  4- 6 |  7- 9 | 10-12 || total
---------------------------+-------+-------+-------+-------++-------
  Melee: Flail             |     6 |       |       |       ||     6
         Dagger            |    13 |    20 |     7 |    17 ||    57
         Rapier            |       |       |     1 |       ||     1
         Short sword       |       |       |     3 |   159 ||   162
   Cast: Shock             |    92 |   124 |   205 |   153 ||   574
         Searing Ray       |       |     5 |    56 |    28 ||    89
         Static Discharge  |       |       |    18 |    80 ||    98
         Airstrike         |       |       |    18 |    59 ||    77
         Call Imp          |       |       |     3 |     4 ||     7
         Blink             |       |       |       |     6 ||     6
  Evoke: Wand              |       |       |       |     9 ||     9
    Use: Scroll            |       |       |     7 |    16 ||    23
         Potion            |       |       |     1 |    13 ||    14
   Stab: Sleeping          |     1 |       |     2 |     1 ||     4
         Distracted        |       |       |       |     2 ||     2
 Armour: Robe              |    16 |    28 |    90 |    38 ||   172
         Steam dragon scal |       |       |       |   269 ||   269
  Dodge: Dodged            |    28 |    28 |    72 |   272 ||   400
  Block: Buckler           |     2 |    12 |    19 |    71 ||   104
         Kite shield       |       |       |       |    20 ||    20

Table legend: (Time is in decaauts)
 A = Elapsed time spent in this place.
 B = Non-inter-level travel time spent in this place.
 C = Inter-level travel time spent in this place.
 D = Time resting spent in this place.
 E = Time spent auto-exploring this place.
 F = Levels seen in this place.
 G = Mean time per level.
                   A        B        C        D        E       F      G
               +--------+--------+--------+--------+--------+-----+--------+
         Total |  21784 |  21010 |    774 |   8820 |   7521 |  16 | 1361.5 |
       Dungeon |  15710 |  14972 |    738 |   5764 |   6351 |  10 | 1571.0 |
        Temple |     11 |      3 |      8 |      0 |      0 |   1 |   11.0 |
          Lair |   3900 |   3873 |     27 |   1810 |   1025 |   4 |  975.0 |
        Bailey |   2161 |   2161 |      0 |   1246 |    144 |   1 | 2161.0 |
               +--------+--------+--------+--------+--------+-----+--------+

Top non-repeatable levels by time:
     D:5: 2901 daAuts
  Bailey: 2161 daAuts
    D:10: 2082 daAuts
     D:6: 1779 daAuts
     D:4: 1643 daAuts
     D:2: 1493 daAuts
     D:9: 1493 daAuts
  Lair:2: 1370 daAuts
     D:1: 1335 daAuts
     D:3: 1095 daAuts
     D:7: 1081 daAuts
  Lair:4: 994 daAuts
  Lair:3: 804 daAuts
     D:8: 803 daAuts
  Lair:1: 730 daAuts
